[Event "8th Amsterdam Summer Open-A 2018"]
[Site "Amsterdam"]
[Date "2018.07.11"]
[Round "5"]
[White "Grooten, Herman"]
[Black "Kohler, Aran"]
[Result "1-0"]
[ECO "E07"]
[WhiteElo "2384"]
[BlackElo "2175"]
[Annotator "NA"]
[PlyCount "89"]
[EventDate "2018.07.07"]
[EventType "swiss"]
[EventCountry "NED"]
[SourceTitle "playchess.com"]
[Source "ChessBase"]
[SourceQuality "1"]
[TimeControl "40/5400+30:1800+30"]

1. d4 Nf6 2. Nf3 d5 3. c4 e6 4. Nc3 c6 5. g3 Nbd7 6. Bg2 Be7 7. O-O O-O 8. Nd2 c5 {[%emt 0:08:22] LiveBook: 4 Partien E07: Closed Catalan: Main Line (5 Nf3 0-0 6 0-0 Nbd7)} (8... b5 $5) 9. dxc5 (9. cxd5 cxd4 10. dxe6 dxc3 11. exd7 cxb2 12. Bxb2 Bxd7 13. Nb3 a5 14. Rc1 Ra7 15. Nc5 Bxc5 16. Rxc5 {1-0 (65) Melkumyan,H (2633)-Nihal,S (2507) London 2017}) 9... d4 10. Nb5 $146 ({Predecessor:} 10. Na4 Nxc5 11. Nf3 d3 12. exd3 Nxd3 13. Be3 e5 14. Qb3 Bg4 15. Ne1 Be2 16. Nxd3 Qxd3 {½-½ (60) Henriksson,J (2292)-Kucuksari,K (2315) Sweden 2017}) 10... Nxc5 11. Nf3 d3 12. Ne5 a6 13. Nc3 dxe2 14. Qxe2 Nfd7 15. Rd1 Qa5 16. Bf4 Nxe5 17. Bxe5 Na4 $18 18. Nxa4 Qxa4 19. b3 Qe8 20. Rac1 f6 21. Bc7 Ba3 22. Rc2 Qe7 23. Bb6 Bc5 24. Bxc5 Qxc5 25. Qe3 Qxe3 26. fxe3 Kf7 27. Rd6 Ke7 28. c5 Rd8 29. Rcd2 Rxd6 30. Rxd6 Rb8 31. b4 e5 32. a3 a5 33. b5 a4 34. b6 Bd7 35. Rd2 Rc8 36. Bxb7 Rxc5 37. Rb2 Rb5 38. Rxb5 Bxb5 39. Be4 Kd6 40. Kf2 g6 41. h4 f5 42. Bd5 h6 43. e4 Ba6 44. b7 Kc7 45. h5 1-0

[Event "8th Amsterdam Summer Open-A 2018"]
[Site "Amsterdam"]
[Date "2018.07.11"]
[Round "5"]
[White "Brink, Barry"]
[Black "Bogaard, Milo"]
[Result "1-0"]
[ECO "A80"]
[WhiteElo "2342"]
[BlackElo "2073"]
[Annotator "NA"]
[PlyCount "55"]
[EventDate "2018.07.07"]
[EventType "swiss"]
[EventCountry "NED"]
[SourceTitle "playchess.com"]
[Source "ChessBase"]
[SourceQuality "1"]
[TimeControl "40/5400+30:1800+30"]

1. d4 f5 2. Nc3 Nf6 3. Bg5 d5 4. e3 e6 5. Nf3 Be7 6. Bd3 O-O 7. O-O Ne4 8. Bxe7 Qxe7 9. Ne2 c5 10. c4 dxc4 11. Bxc4 Nd6 12. b3 b6 13. Nf4 Rd8 14. h4 Nxc4 15. bxc4 Bb7 16. d5 exd5 $11 17. cxd5 Na6 18. Qb3 Kh8 19. Ng5 Rd6 20. e4 fxe4 21. Rfe1 Nc7 22. Nxe4 Rxd5 23. Ng5 Qd7 24. Nxd5 Bxd5 25. Qd3 g6 26. Qc3+ Kg8 27. Rad1 Re8 28. Ne4 1-0

[Event "8th Amsterdam Summer Open-A 2018"]
[Site "Amsterdam"]
[Date "2018.07.11"]
[Round "5"]
[White "De Boer, Eelke"]
[Black "Pham, Khoi"]
[Result "0-1"]
[ECO "B96"]
[WhiteElo "2317"]
[BlackElo "2037"]
[Annotator "NA"]
[PlyCount "56"]
[EventDate "2018.07.07"]
[EventType "swiss"]
[EventCountry "NED"]
[SourceTitle "playchess.com"]
[Source "ChessBase"]
[SourceQuality "1"]
[TimeControl "40/5400+30:1800+30"]

1. e4 c5 2. Nf3 d6 3. d4 cxd4 4. Nxd4 Nf6 5. Nc3 a6 6. Bg5 e6 7. f4 Nbd7 8. Qe2 Qc7 9. O-O-O Be7 {[%emt 0:01:03] B96: Sicilian Najdorf: 6 Bg5 e6 7 f4, lines other than 7...Qb6 and 7...Be7} 10. g4 b5 11. a3 Bb7 12. Bg2 {[%emt 0:10:59] LiveBook: 51 Games} (12. Bh4 b4 13. axb4 a5 14. Bxf6 Nxf6 15. b5 a4 16. g5 Nxe4 17. Nxe4 d5 {½-½ (40) Adhiban,B (2677)-Nepomniachtchi,I (2751) Tbilisi 2017}) 12... Rc8 13. Rhe1 O-O 14. Bxf6 (14. e5 $14 dxe5 15. fxe5 Bxa3 16. bxa3 Bxg2 17. Nb1) 14... Bxf6 15. g5 $146 Be7 ({Black should try} 15... Bxd4 $15 16. Rxd4 e5 17. fxe5 Nxe5) 16. Qh5 g6 17. Qh4 e5 (17... Qb6 $11) 18. Nb3 exf4 19. Qxf4 Ne5 20. h4 f6 21. Qg3 fxg5 22. hxg5 Qd8 23. Nd4 $2 (23. Kb1 $15) 23... Bxg5+ 24. Kb1 Bh4 25. Qe3 Bxe1 26. Rxe1 Qe7 27. Bh3 Rce8 $19 28. Ne6 Rf3 0-1

[Event "8th Amsterdam Summer Open-A 2018"]
[Site "Amsterdam"]
[Date "2018.07.11"]
[Round "5"]
[White "Elgersma, Simon"]
[Black "Cornelisse, Ticho"]
[Result "0-1"]
[ECO "B07"]
[WhiteElo "2263"]
[BlackElo "2074"]
[Annotator "NA"]
[PlyCount "93"]
[EventDate "2018.07.07"]
[EventType "swiss"]
[EventCountry "NED"]
[SourceTitle "playchess.com"]
[Source "ChessBase"]
[SourceQuality "1"]
[TimeControl "40/5400+30:1800+30"]

1. e4 d6 2. d4 Nf6 3. Nc3 c6 4. h3 b5 5. a3 {[%emt 0:02:12] LiveBook: 6 Games} Nbd7 6. Be3 Bb7 7. f4 e5 8. Nf3 Qc7 9. Bd3 a6 10. O-O Be7 11. Qe1 O-O 12. g4 $15 c5 13. d5 c4 14. Be2 Nc5 15. Nd2 exf4 16. Bxf4 Rae8 17. Qg3 Nfd7 18. Kh2 Ne5 19. Rae1 Ng6 20. g5 Nxf4 21. Rxf4 Bc8 22. Ref1 Bd8 23. h4 Qe7 24. b4 cxb3 25. cxb3 Nd7 26. Bg4 Bb6 27. b4 Bd4 28. Ne2 Be5 29. Kh1 Nb6 30. Qg1 Bxf4 31. Nxf4 Bxg4 32. Qxb6 Rc8 33. Qg1 Rc2 34. Qxg4 Rxd2 35. Nh5 Qe5 36. Ng3 Qb2 37. Nf5 Qe5 38. Ng3 g6 39. h5 gxh5 40. Qh4 Rc8 41. Nxh5 Qc3 42. Nf6+ Kf8 43. Qg4 Qc4 44. Qf5 Rc7 45. Nxh7+ Ke8 46. g6 Kd8 47. g7 0-1

[Event "8th Amsterdam Summer Open-A 2018"]
[Site "Amsterdam"]
[Date "2018.07.11"]
[Round "5"]
[White "Floor, Dirk"]
[Black "Kollen, Zyon"]
[Result "0-1"]
[ECO "E12"]
[WhiteElo "2196"]
[BlackElo "2313"]
[Annotator "NA"]
[PlyCount "80"]
[EventDate "2018.07.07"]
[EventType "swiss"]
[EventCountry "NED"]
[SourceTitle "playchess.com"]
[Source "ChessBase"]
[SourceQuality "1"]
[TimeControl "40/5400+30:1800+30"]

1. Nf3 e6 2. d4 Nf6 3. c4 b6 4. a3 Bb7 5. Nc3 d5 6. Bg5 Be7 7. e3 h6 {[%emt 0:01:41] E12: Queen's Indian: Unusual White 4th moves, 4 a3, 4 Nc3 Bb7 5 a3 and 4 Nc3 Bb7} (7... O-O 8. Qc2 c5 9. dxc5 bxc5 10. Rd1 Nbd7 11. Be2 h6 12. Bh4 Qb6 13. O-O Rfe8 14. Rd2 Rad8 15. Rfd1 a6 16. h3 {1-0 (56) Riazantsev,A (2650)-Anton Guijarro,D (2666) Riadh 2017}) 8. Bxf6 Bxf6 9. cxd5 {[%emt 0:00:22] LiveBook: 8 Games} exd5 10. Bb5+ $146 ({Predecessor:} 10. b4 O-O 11. Qb3 a5 12. b5 Qd6 13. Bd3 Nd7 14. O-O Rfe8 15. Rfe1 Re7 16. Rac1 {1-0 (42) Campos Moreno,J (2413)-Vidal Zamora,A (2365) Castell de Sant Ferran 2017}) 10... c6 11. Bd3 Nd7 12. b4 a5 13. bxa5 Rxa5 14. a4 O-O (14... Nc5 $5) 15. O-O Ba6 16. Bxa6 Rxa6 17. Qd3 Qa8 18. Rab1 Be7 19. h3 Bd6 20. Rfe1 Nf6 21. e4 dxe4 22. Nxe4 Nxe4 23. Rxe4 Rb8 $15 24. Ne5 Bxe5 25. dxe5 Rxa4 26. e6 Rxe4 27. exf7+ Kxf7 28. Qxe4 Kg8 29. Qe6+ Kh8 30. Re1 Qa5 31. g4 Qd5 32. Qg6 Rf8 33. Re8 Rxe8 34. Qxe8+ Kh7 35. Qf8 c5 36. f4 c4 37. f5 Qc6 38. Kf2 c3 39. Qa3 c2 40. Qc1 b5 0-1

[Event "8th Amsterdam Summer Open-A 2018"]
[Site "Amsterdam"]
[Date "2018.07.11"]
[Round "5"]
[White "Elgersma, Onno"]
[Black "Spiler, Angelo"]
[Result "1-0"]
[ECO "B38"]
[WhiteElo "2150"]
[BlackElo "2049"]
[Annotator "NA"]
[PlyCount "99"]
[EventDate "2018.07.07"]
[EventType "swiss"]
[EventCountry "NED"]
[SourceTitle "playchess.com"]
[Source "ChessBase"]
[SourceQuality "1"]
[TimeControl "40/5400+30:1800+30"]

1. e4 c5 2. Nf3 Nc6 3. d4 cxd4 4. Nxd4 g6 5. c4 Bg7 6. Be3 Nf6 7. Nc3 d6 8. Be2 O-O 9. O-O Bd7 10. Qd2 Ng4 {[%emt 0:05:42] LiveBook: 85 Games} 11. Bxg4 Bxg4 12. f3 Bd7 13. b3 {[%emt 0:04:56] B38: Sicilian: Maroczy Bind with 5...Bg7 and 7...0-0} (13. Rfd1 a6 14. Nd5 Rc8 15. Rac1 Nxd4 16. Bxd4 Bxd4+ 17. Qxd4 Be6 18. Re1 Re8 19. Nf4 Bd7 20. e5 dxe5 21. Rxe5 {½-½ (35) Mareco,S (2625)-Pascua,H (2427) Dubai 2016}) 13... Qa5 14. Rfd1 $146 ({Predecessor:} 14. Rad1 Rfc8 15. a4 Rab8 16. Nd5 Qxd2 17. Rxd2 Kf8 18. Nb5 b6 19. Nd4 Nxd4 20. Bxd4 Bxd4+ 21. Rxd4 {½-½ (71) Stella,A (2334)-Milenkovic,M (2406) Livigno 2010}) 14... Rfd8 15. Rac1 Nxd4 16. Bxd4 Bxd4+ 17. Qxd4 Bc6 18. Rb1 Qc5 19. Kh1 Qxd4 20. Rxd4 Kf8 21. Kg1 $11 a6 22. a4 Rdb8 23. b4 b6 24. Kf2 Rc8 25. Ke3 Ra7 26. a5 bxa5 27. bxa5 Rb7 28. Rxb7 Bxb7 29. Na4 Rc6 30. Nb6 Ke8 31. Rd2 Rc5 32. Ra2 e6 33. Kd4 f5 34. exf5 gxf5 35. f4 h5 36. g3 Be4 37. Kc3 Rc7 38. Kb4 d5 39. cxd5 exd5 40. Rd2 d4 41. Rxd4 Rc2 42. Nc4 Ke7 43. Rd2 Rxd2 44. Nxd2 Bd3 45. Kc5 Ke6 46. Nb3 Kd7 47. Nd4 Ke8 48. Kd6 Kf7 49. Ke5 Kg6 50. Nf3 1-0

[Event "8th Amsterdam Summer Open-A 2018"]
[Site "Amsterdam"]
[Date "2018.07.11"]
[Round "5"]
[White "Vroombout, Enrico"]
[Black "Hernandez Iglesias, Francisco"]
[Result "1/2-1/2"]
[ECO "D43"]
[WhiteElo "2132"]
[BlackElo "2047"]
[Annotator "NA"]
[PlyCount "130"]
[EventDate "2018.07.07"]
[EventType "swiss"]
[EventCountry "NED"]
[SourceTitle "playchess.com"]
[Source "ChessBase"]
[SourceQuality "1"]
[TimeControl "40/5400+30:1800+30"]

1. d4 d5 2. c4 c6 3. Nf3 Nf6 4. Nc3 e6 5. Bg5 h6 6. Bxf6 Qxf6 7. e3 g6 8. Be2 {[%emt 0:01:53] D43: Semi-Slav: 5 Bg5 h6} Bg7 9. cxd5 exd5 10. O-O O-O 11. b4 Be6 12. Rc1 $146 ({Predecessor:} 12. Qb3 Qd8 13. Rfd1 Nd7 14. Rac1 b5 15. a4 a6 {½-½ (45) Fridman,D (2627)-Giri,A (2752) Rosmalen 2014}) 12... a6 13. Na4 Qe7 14. Nc5 Bc8 15. Qd2 Nd7 16. a4 Re8 17. b5 Nxc5 18. Rxc5 cxb5 19. axb5 b6 20. Rc6 Bb7 21. Rxb6 Qc7 22. Rxb7 Qxb7 23. bxa6 Qd7 24. Rb1 Reb8 25. Rxb8+ Rxb8 26. Qa2 $16 Bf6 27. g3 Kg7 28. Kg2 g5 29. Ne1 g4 30. Nd3 Qf5 31. a7 Ra8 32. Nf4 Bd8 33. Qxd5 Qxd5+ 34. Nxd5 h5 35. Nf4 Kh6 36. h3 gxh3+ 37. Kxh3 h4 38. gxh4 Rxa7 39. Bg4 Ra1 40. Bf3 Ra2 41. Ne2 Bc7 42. Kg2 Bd8 43. h5 Bc7 44. Ng3 Ra5 45. d5 Ra6 46. Bg4 Kg5 47. Be2 Ra4 48. f4+ Kf6 49. Kf3 Ra3 50. Ne4+ Kg7 51. Nd2 f5 52. Nc4 Rc3 53. Kf2 Rc1 54. d6 Rxc4 55. Bxc4 Bxd6 56. Be6 Kf6 57. h6 Kg6 58. Bxf5+ Kxh6 59. Kf3 Kg7 60. Ke4 Kf6 61. Bc8 Bc5 62. Kd3 Ba7 63. e4 Bb8 64. e5+ Bxe5 65. fxe5+ Kxe5 {[%emt 0:00:10] Ke4+ [%emt 00:00:07]} 1/2-1/2

[Event "8th Amsterdam Summer Open-A 2018"]
[Site "Amsterdam"]
[Date "2018.07.11"]
[Round "5"]
[White "Mijnheer, Peter"]
[Black "Hildenbrand, Peter"]
[Result "0-1"]
[ECO "C41"]
[WhiteElo "2106"]
[BlackElo "2226"]
[Annotator "NA"]
[PlyCount "110"]
[EventDate "2018.07.07"]
[EventType "swiss"]
[EventCountry "NED"]
[SourceTitle "playchess.com"]
[Source "ChessBase"]
[SourceQuality "1"]
[TimeControl "40/5400+30:1800+30"]

1. e4 d6 2. d4 Nf6 3. Nc3 e5 4. Nf3 Nbd7 5. Bc4 Be7 6. a4 c6 7. O-O h6 8. Re1 {[%emt 0:18:24] C41: Philidor-Verteidigung} Qc7 9. Ba2 {[%emt 0:00:46] LiveBook: 10 Partien} (9. Qd3 exd4 10. Qxd4 Ne5 11. Nxe5 dxe5 {1-0 (11) Fedorchuk,S (2665)-Rapport,R (2704) Palic 2014}) 9... a5 10. Be3 Ng4 11. Bc1 Nf8 12. h3 Nf6 13. Be3 Be6 $146 ({Vorgänger:} 13... g5 14. Nh2 Ng6 15. Qf3 Nh4 16. Qe2 Rg8 17. dxe5 dxe5 {1-0 (44) Molnar,E (2194)-Boudry,W (1965) Rymanow Zdroj 2017}) 14. d5 Bd7 15. dxc6 (15. Nd2 $14) 15... bxc6 16. Nd2 Rb8 17. Nc4 Be6 18. f4 $15 Bxc4 19. Bxc4 Rxb2 20. Bb3 Ne6 21. f5 Nf4 22. Qf3 O-O 23. Nd1 Rxb3 24. cxb3 d5 25. Nf2 N4h5 26. g4 dxe4 27. Nxe4 Nxe4 28. Qxe4 Nf6 29. Qg2 Nd5 30. Bf2 Rb8 31. Rac1 Qd7 32. Qf3 Bg5 33. Rcd1 Qc7 34. Re4 Nf6 35. Rc4 e4 36. Rxe4 Nxe4 37. Qxe4 Bf6 38. Rd3 Kh7 39. Bg3 Qa7+ 40. Bf2 Qa8 41. Qc4 Qb7 42. Qe4 Qa6 43. Rd7 Rxb3 44. Rxf7 Qd3 45. Qxd3 Rxd3 46. Ra7 Rd1+ 47. Kg2 Rd2 48. Rxa5 Bd4 49. Kf3 Rxf2+ 50. Ke4 c5 51. h4 Rh2 52. h5 Re2+ 53. Kf3 Re3+ 54. Kf4 Re8 55. Ra6 Rc8 0-1

[Event "8th Amsterdam Summer Open-A 2018"]
[Site "Amsterdam"]
[Date "2018.07.11"]
[Round "5"]
[White "Brouwer, Rein"]
[Black "Van Baar, Esper"]
[Result "0-1"]
[ECO "E97"]
[WhiteElo "2062"]
[BlackElo "2252"]
[Annotator "NA"]
[PlyCount "54"]
[EventDate "2018.07.07"]
[EventType "swiss"]
[EventCountry "NED"]
[SourceTitle "playchess.com"]
[Source "ChessBase"]
[SourceQuality "1"]
[TimeControl "40/5400+30:1800+30"]

1. d4 Nf6 2. c4 g6 3. Nc3 Bg7 4. e4 d6 5. Be2 O-O 6. Nf3 e5 7. O-O Nc6 8. d5 Ne7 9. b4 Nh5 10. g3 f5 11. Ng5 Nf6 12. f3 h6 13. Ne6 {[%emt 0:00:25] E97: King's Indian: Classical Main Line (6...e5 7 0-0 Nc6): 8 Be3 and 8 d5 Ne7, not 9 Ne1} Bxe6 14. dxe6 c6 {[%emt 0:01:54] LiveBook: 6 Games} 15. Ba3 (15. b5 Qc7 16. Be3 f4 17. Bf2 Rfd8 18. Rb1 Qc8 19. Qa4 Qxe6 20. bxc6 bxc6 21. Rb7 a5 22. Rfb1 Kh8 23. Rc7 {½-½ (33) Sapundjiev,G (2416)-Ciciotti,A (2386) ICCF email 2011}) 15... Ne8 $146 ({Predecessor:} 15... Qc7 16. Qb3 Qc8 17. Rad1 Qxe6 18. Rxd6 Qf7 19. c5 Qxb3 20. axb3 b5 {½-½ (34) Chandra Sekhar,G-Jonker,M (2205) Guarapuava 1991}) 16. Qb3 Nc7 17. c5 d5 18. exd5 cxd5 19. Rad1 Kh7 20. b5 (20. Nxd5 $5 Nexd5 21. Bc4 $14) 20... Nxe6 $14 21. Bc4 dxc4 22. Qxc4 Nd4 23. c6 bxc6 24. bxc6 Re8 25. c7 Qd7 26. Bxe7 Rxe7 27. Nd5 Re6 0-1